 Dungeon Sprint DCSS version 0.21.1-1-g345015f (webtiles) character file.

3300000 Fang the Axe Maniac (level 21, -8/224 HPs)
             Began as a Minotaur Gladiator on May 3, 2018.
             Was the Champion of Makhleb.
             Mangled by a meat berserker
             ... wielding a +9 battleaxe
              (56 damage)
             ... in the Dungeon (Sprint VIII: "Arena of Blood").
             The game lasted 00:00:29 (33 turns).

Fang the Axe Maniac (Minotaur Gladiator)              Turns: 33, Time: 00:00:30

Health: -8/224     AC:  6    Str: 30    XL:     21   Next: 67%
Magic:  19/48      EV: 27    Int:  5    God:    Makhleb [******]
Gold:   0          SH:  0    Dex: 11    Spells: 68/68 levels left

rFire    . . .     SeeInvis .   l - +∞ Axe of Woe
rCold    . . .     Gourm    .   (shield currently unavailable)
rNeg     . . .     Faith    .   b - +0 leather armour
rPois    .         Spirit   .   c - +0 hat
rElec    .         Reflect  .   (no cloak)
rCorr    .         Harm     .   (no gloves)
MR       +....     NoTele   +   (no boots)
Stlth    +++++++++.             (no amulet)
HPRegen  0.47/turn              (no ring)
MPRegen  0.31/turn              (no ring)

@: no status effects
A: retaliatory headbutt, horns 2
a: Minor Destruction, Lesser Servant of Makhleb, Major Destruction, Greater
Servant of Makhleb, Renounce Religion


You were in the Dungeon.
You worshipped Makhleb.
Makhleb was exalted by your worship.
You were not hungry.

You visited 1 branch

Inventory:

Hand Weapons
 a - a +0 war axe
 l - the +∞ Axe of Woe (weapon)
   (You found it in the Dungeon)
Missiles
 d - 3 throwing nets (quivered)
Armour
 b - a +0 leather armour (worn)
 c - a +0 hat (worn)
Scrolls
 k - a scroll of blinking
Potions
 e - a potion of curing
 g - a potion of heal wounds
 h - a potion of haste
 i - 2 potions of magic
 j - a potion of berserk rage
Comestibles
 f - a ration


   Skills:
 O Level 27 Fighting
 O Level 27 Axes
 O Level 27 Throwing
 O Level 27 Armour
 O Level 27 Dodging
 O Level 27 Stealth
 O Level 27 Unarmed Combat
 + Level 24.2 Spellcasting
 O Level 27 Invocations


You had 68 spell levels left.
You didn't know any spells.

Dungeon Overview and Level Annotations

Branches:
Dungeon (1/1)

Altars:
Makhleb


Innate Abilities, Weirdness & Mutations

You reflexively headbutt those who attack you in melee.
You have a pair of horns on your head.


Message History

a bag of meat corpse You hear a shout! x3
The meat berserker is engulfed in blazing flames.
The meat berserker completely misses you.
The destroyer blinks! x2
You hear a shout! x8
Unknown command.
A bag of meat comes into view. It is wielding a +9 war axe.
The bag of meat shouts!
You hear a shout! x3
The meat berserker hits you with a +9 battleaxe!!!
* * * LOW HITPOINT WARNING * * *
You hear a shout! x6
The meat berserker is engulfed in blazing flames.
The destroyer blinks!
You hear a shout!
The destroyer blinks!
You hear a shout!
The bag of meat barely misses you.
The meat berserker hits you with a +9 battleaxe!!!
You die...

. #... ..#
o..o###... ..###.
..o......###......
.#........_......
.......#.....# O
...o..O#_.<._# ..
.......#.....#...
.#....V..)_O......
......O@)###......
....###Oo))...###.
V . #o§.§...#
#§)§)...#
......§§§§......
......V§§.....%.
......%§§.......
.......§......##
....#........#.%


You could see 3 destroyers, 4 meat berserkers and 6 bags of meat.

Vanquished Creatures
  5 ogres (D)
  2 two-headed ogres (D)
  22 orcs (D)
29 creatures vanquished.

Notes
Turn   | Place    | Note
-------+----------+-------------------------------------------
     0 | D        | Found the +∞ Axe of Woe
     0 | D        | Fang the Minotaur Gladiator began the quest for the Orb.
     0 | D        | Reached XP level 1. HP: 18/18 MP: 0/0
     3 | D        | Noticed a bag of meat
     4 | D        | Became a worshipper of Makhleb the Destroyer
     5 | D        | Noticed a bag of meat
     5 | D        | Noticed a meat berserker
     6 | D        | Noticed a meat berserker
     6 | D        | Killed a meat berserker
     6 | D        | Reached XP level 2. HP: 44/44 MP: 1/1
     6 | D        | Reached XP level 3. HP: 50/50 MP: 2/2
     6 | D        | Reached XP level 4. HP: 58/58 MP: 3/3
     6 | D        | Reached XP level 5. HP: 64/64 MP: 4/4
     6 | D        | Reached XP level 6. HP: 72/72 MP: 5/5
     6 | D        | Reached XP level 7. HP: 79/79 MP: 6/6
     6 | D        | Reached XP level 8. HP: 86/86 MP: 7/7
     6 | D        | Reached XP level 9. HP: 93/93 MP: 8/8
     6 | D        | Reached XP level 10. HP: 101/101 MP: 9/9
     6 | D        | Reached XP level 11. HP: 107/107 MP: 10/10
     6 | D        | Reached XP level 12. HP: 115/115 MP: 11/11
     6 | D        | Reached XP level 13. HP: 122/122 MP: 12/12
     7 | D        | Noticed a bag of meat
     7 | D        | Noticed a bag of meat
     8 | D        | Noticed a bag of meat
     8 | D        | Killed a bag of meat
     8 | D        | Reached * piety under Makhleb
     9 | D        | Killed a meat berserker
     9 | D        | Reached skill level 27 in Axes
     9 | D        | Reached XP level 14. HP: 138/138 MP: 13/13
    10 | D        | Noticed a bag of meat
    11 | D        | Noticed a bag of meat
    11 | D        | Noticed a bag of meat
    11 | D        | Noticed a bag of meat
    11 | D        | Noticed a bag of meat
    11 | D        | Noticed a meat berserker
    12 | D        | Noticed a bag of meat
    12 | D        | Noticed a bag of meat
    12 | D        | Noticed a bag of meat
    12 | D        | Killed a bag of meat
    12 | D        | Reached skill level 5 in Armour
    12 | D        | Reached skill level 27 in Dodging
    12 | D        | Reached XP level 15. HP: 141/152 MP: 14/14
    12 | D        | Reached ** piety under Makhleb
    14 | D        | Reached skill level 10 in Armour
    14 | D        | Reached XP level 16. HP: 149/180 MP: 15/15
    15 | D        | Reached *** piety under Makhleb
    15 | D        | Reached skill level 27 in Fighting
    16 | D        | Noticed a large bag of meat
    17 | D        | Killed a meat berserker
    17 | D        | Reached skill level 27 in Throwing
    17 | D        | Reached XP level 17. HP: 191/191 MP: 16/16
    17 | D        | Reached **** piety under Makhleb
    18 | D        | Reached skill level 27 in Armour
    18 | D        | Reached skill level 10 in Unarmed Combat
    18 | D        | Reached skill level 10 in Invocations
    18 | D        | Reached XP level 18. HP: 200/200 MP: 16/27
    20 | D        | Noticed a meat berserker
    21 | D        | Noticed a large bag of meat
    21 | D        | Reached skill level 15 in Unarmed Combat
    21 | D        | Reached skill level 10 in Spellcasting
    21 | D        | Reached ***** piety under Makhleb
    21 | D        | Reached skill level 15 in Invocations
    22 | D        | Reached skill level 15 in Stealth
    22 | D        | Reached XP level 19. HP: 207/207 MP: 16/34
    24 | D        | Killed a large bag of meat
    24 | D        | Reached skill level 15 in Spellcasting
    24 | D        | Reached XP level 20. HP: 216/216 MP: 17/39
    26 | D        | Noticed a meat berserker
    26 | D        | Noticed a large bag of meat
    27 | D        | Noticed a meat berserker
    27 | D        | Noticed a destroyer
    27 | D        | Killed a meat berserker
    27 | D        | Reached ****** piety under Makhleb
    28 | D        | Killed a large bag of meat
    28 | D        | Reached skill level 27 in Unarmed Combat
    28 | D        | Reached XP level 21. HP: 224/224 MP: 17/44
    29 | D        | Noticed a destroyer
    29 | D        | Reached skill level 27 in Invocations
    29 | D        | Reached skill level 27 in Stealth
    33 | D        | Mangled by a meat berserker

Skill      XL: |  1  2  3  4  5  6  7  8  9 10 11 12 13 14 15 16 17 18 19 20 21 |
---------------+----------------------------------------------------------------+-----
Fighting       | 13 16 19 25 27 | 27.0
Axes           | 23 27 | 27.0
Throwing       | 11 14 16 21 27 | 27.0
Dodging        | 21 26 27 | 27.0
Armour         | 5 10 22 27 | 27.0
Stealth        | 9 15 20 24 27 | 27.0
Unarmed Combat | 10 18 23 27 | 27.0
Spellcasting   | 7 12 16 20 24 | 24.2
Invocations    | 10 16 22 26 27 | 27.0

Action                   |  1- 3 |  4- 6 |  7- 9 | 10-12 | 13-15 | 16-18 | 19-21 || total
-------------------------+-------+-------+-------+-------+-------+-------+-------++-------
Melee: Executioner's axe |     1 |       |       |       |     4 |     7 |     4 ||    16
Armor: Leather armour    |       |       |       |       |       |       |     1 ||     1
Dodge: Dodged            |       |       |       |       |       |     1 |     4 ||     5
